 Dungeon Crawl Stone Soup version 0.30-a0-121-gb27577e5d9 (webtiles) character file.

Game seed: 15246910889320834659

69 Newt the Trooper (level 4, -3/37 HPs)
             Began as a Demonspawn Gladiator on Sept 14, 2022.
             Was a Follower of Uskayaw.
             Killed by nerve-wracking pain
             ... invoked by an orc priest
              (14 damage)
             ... on level 3 of the Dungeon.
             The game lasted 00:02:03 (2398 turns).

Newt the Trooper (Demonspawn Gladiator)             Turns: 2398, Time: 00:02:04

Health: -3/37      AC:  5    Str: 16    XL:     4   Next: 2%
Magic:  4/4        EV:  7    Int: 10    God:    Uskayaw [*.....]
Gold:   64         SH: 10    Dex: 14    Spells: 3/3 levels left

rFire   . . .      SeeInvis .    a - +0 rapier
rCold   . . .      Faith    .    h - +0 tower shield
rNeg    . . .      Spirit   .    b - +0 leather armour
rPois   .          Reflect  .    c - +0 helmet
rElec   .          Harm     .    (no cloak)
rCorr   .          Rampage  .    (no gloves)
Will    .....                    m - +0 pair of boots
Stlth   ++........               (no amulet)
HPRegen 0.12/turn                (no ring)
MPRegen 0.09/turn                (no ring)

@: no status effects
A: hooves 1, powered by death 2
a: Renounce Religion, Stomp


You were on level 3 of the Dungeon.
You worshipped Uskayaw.
Uskayaw was noncommittal.
You visited 1 branch of the dungeon, and saw 3 of its levels.

You collected 64 gold pieces.

Inventory:

Hand Weapons
 a - a +0 rapier (weapon)
Missiles
 d - 2 throwing nets (quivered)
 e - a javelin
Armour
 b - a +0 leather armour (worn)
 c - a +0 helmet (worn)
 h - a +0 tower shield (worn)
 m - a +0 pair of boots (worn)
Scrolls
 f - a scroll of poison {unknown}
 i - a scroll of butterflies {unknown}
 j - 2 scrolls of vulnerability {unknown}
Potions
 g - a potion of degeneration {unknown}
 k - a potion of might {unknown}
 l - a potion of mutation {unknown}
 n - a potion of invisibility {unknown}
 o - a potion of lignification {unknown}


   Skills:
 + Level 3.7 Fighting
 - Level 2.6 Short Blades
 - Level 1.7 Throwing
 - Level 2.6 Dodging
 - Level 2.0 Stealth


You had 3 spell levels left.
You didn't know any spells.
Your spell library was empty.

Dungeon Overview and Level Annotations

Branches:
Dungeon (3/15)

Altars:
Makhleb
Uskayaw


Innate Abilities, Weirdness & Mutations

You have large cloven feet.
You regenerate health from kills.


Message History

You feel clever.
Your demonic ancestry asserts itself...
The wave of death grows in power.
The orc shouts!
You hear a shout!
Things that are here:
a +0 club; an orc corpse The orc wizard hits you but does no damage.
You hit the orc wizard but do no damage.
The orc wizard gestures at you while chanting.
The magic dart hits you. The orc hits you with a +0 whip.
You hit the orc wizard.
The orc wizard is lightly wounded.
The orc wizard barely misses you. The orc barely misses you.
You barely miss the orc wizard.
The orc wizard is lightly wounded.
You block the orc wizard's attack.
You barely miss the orc wizard.
The orc wizard is lightly wounded.
You block the orc wizard's attack. You block the orc's attack.
A frilled lizard comes into view.
The orc hits you but does no damage.
The orc wizard gestures at you while chanting.
The puff of flame hits you!
You closely miss the orc.
The orc wizard hits you with a +0 dagger.
You block the orc's attack.
Unknown command.
The frilled lizard hisses angrily.
You hit the orc priest.
The orc priest is moderately wounded.
The orc priest barely misses you. You block the orc wizard's attack.
The orc barely misses you.
The orc priest hits you with a +0 flail.
The orc hits you with a +0 whip.
The orc wizard hits you with a +0 dagger.
* * * LOW HITPOINT WARNING * * *
You barely miss the orc priest.
The orc priest is moderately wounded.
The orc priest calls down the wrath of Beogh upon you.
Pain shoots through your body!
You die...

#####.## .# #.# #.# #.#
#.# #.# ####.#### ##.##
#.......# #...# ### #.
#.##<# #...#
....l#o##....# #...#
......o@).#..# #####...#
.....#o##.#..###.....>..
.^....o.................
. ...#.##.#.####........
.....#. #.#.# ###.#....
.... .. ..#.# #.#.[..
.<. #.####.# #.#.... ##.
#. #.# #.#.... ##.#
#......


You could see an orc priest, an orc wizard, 2 orcs and a frilled lizard.

Vanquished Creatures
  A worm (D:3)
  3 dart slugs
  8 orcs (D:3)
  5 endoplasms
  2 giant cockroaches
  3 goblins
  8 hobgoblins
  2 quokkas
  5 ball pythons
  A frilled lizard (D:3)
  4 kobolds
  7 rats
49 creatures vanquished.

Notes
Turn   | Place    | Note
-------+----------+-------------------------------------------
     0 | D:1      | Newt the Demonspawn Gladiator began the quest for the Orb.
     0 | D:1      | Reached XP level 1. HP: 16/16 MP: 1/1
    40 | D:1      | Reached skill level 1 in Stealth
   460 | D:1      | Gained mutation: You regenerate a little health from kills.
                  | [demonic ancestry]
   460 | D:1      | Reached XP level 2. HP: 18/22 MP: 2/2
  1210 | D:1      | Gained mutation: You have large cloven feet. [demonic
                  | ancestry]
  1210 | D:1      | Reached XP level 3. HP: 28/28 MP: 3/3
  1306 | D:2      | You fall into a shaft and drop 1 floor!
  1325 | D:3      | Reached skill level 3 in Fighting
  1615 | D:3      | Found a faded altar of an unknown god.
  1630 | D:3      | Prayed at the altar of an unknown god.
  1630 | D:3      | Became a worshipper of Uskayaw the Reveller
  1630 | D:3      | Reached * piety under Uskayaw
  1852 | D:3      | Reached ** piety under Uskayaw
  2139 | D:3      | Found a burning altar of Makhleb.
  2139 | D:3      | Noticed a cacodemon
  2142 | D:3      | Noticed a smoke demon
  2142 | D:3      | Noticed a hellwing
  2390 | D:3      | Gained mutation: You regenerate health from kills. [demonic
                  | ancestry]
  2390 | D:3      | Reached XP level 4. HP: 37/37 MP: 4/4
  2398 | D:3      | Killed from afar by an orc priest

Illustrated notes

Levels and vault maps discovered:
D:1:      elethiomel_arrival_maze, layout_loops_ring
D:2:      minmay_alternating_diamond, layout_basic, palyth_stone_intersect,
          minmay_split_cup_small
D:3:      layout_loops_cross, makhleb_altar_promises_db,
          chequers_ecumenical_altar_simple, serial_shops, shop,
          guppyfry_early_orc_mine

Skill      XL: |  1  2  3 |
---------------+----------+-----
Stealth        | 1 2 |  2.0
Fighting       | 3 |  3.7
Short Blades   | |  2.6
Throwing       | |  1.7
Dodging        | |  2.6

Action                   |  1- 3 |  4- 6 || total
-------------------------+-------+-------++-------
Melee: Rapier            |   173 |     7 ||   180
       Punch             |     1 |       ||     1
Throw: Throwing net      |     3 |       ||     3
       Javelin           |     1 |       ||     1
Invok: Stomp             |     1 |       ||     1
 Stab: Held in net/web   |     1 |       ||     1
       Sleeping          |     8 |       ||     8
Armor: Leather armour    |    51 |     2 ||    53
Dodge: Dodged            |    43 |     4 ||    47
Block: Tower shield      |   107 |     5 ||   112

Table legend: (Time is in decaauts)
 A = Elapsed time spent in this place.
 B = Non-inter-level travel time spent in this place.
 C = Inter-level travel time spent in this place.
 D = Time resting spent in this place.
 E = Time spent auto-exploring this place.
 F = Levels seen in this place.
 G = Mean time per level.
                   A        B        C        D        E       F      G
               +--------+--------+--------+--------+--------+-----+--------+
         Total |   2485 |   2398 |     87 |    645 |   1288 |   3 |  828.3 |
       Dungeon |   2485 |   2398 |     87 |    645 |   1288 |   3 |  828.3 |
               +--------+--------+--------+--------+--------+-----+--------+

Top non-repeatable levels by time:
     D:1: 1318 daAuts
     D:3: 1153 daAuts
     D:2: 13 daAuts
